 Dungeon Crawl Stone Soup version 0.27.0-1-g7a089689b8 (webtiles) character file.

Game seed: 4402578722016038261

279 mndeal the Changer (level 6, 0/25 HPs)
             Began as a Felid Transmuter on Aug 9, 2021.
             Slain by an ice beast (8 damage)
             ... on level 5 of the Dungeon.
             The game lasted 00:16:38 (7776 turns).

mndeal the Changer (Felid Transmuter)               Turns: 7776, Time: 00:16:39

Health: 0/25       AC:  2    Str: 12    XL:     6   Next: 5%
Magic:  10/10      EV: 18    Int: 15    God:
Gold:   221        SH:  5    Dex: 18    Spells: 5/9 levels left
                                        Lives:  0   Deaths: 1

rFire    . . .     SeeInvis +     - Unarmed
rCold    . . .     Faith    .   (shield unavailable)
rNeg     . . .     Spirit   .   (armour unavailable)
rPois    .         Reflect  +   (helmet unavailable)
rElec    .         Harm     .   (cloak unavailable)
rCorr    .         Rampage  .   (gloves unavailable)
Will     .....                  (boots unavailable)
Stlth    ++........             j - amulet of reflection
HPRegen  0.08/turn              g - +6 ring of strength
MPRegen  0.12/turn              (no ring)

@: quick
A: very small, claws 1, fangs 3, see invisible, speed 1, shaggy fur 2, stealthy
paws, no weapons or thrown items, no armour, multi-lived
a: no special abilities


You were on level 5 of the Dungeon.
You visited 1 branch of the dungeon, and saw 5 of its levels.

You collected 221 gold pieces.

Inventory:

Jewellery
 g - a +6 ring of strength (left paw)
 j - an amulet of reflection (around neck)
 q - a ring of poison resistance
Wands
 m - a wand of iceblast (4)
 r - a wand of polymorph (9)
Scrolls
 a - a scroll of holy word
 b - 3 scrolls of teleportation
 d - a scroll of fog {unknown}
 l - a scroll of amnesia {unknown}
 n - a scroll of enchant weapon {unknown}
 p - a scroll of enchant armour {unknown}
Potions
 c - 2 potions of curing {unknown}
 e - a potion of invisibility
 f - a potion of ambrosia
 h - 2 potions of heal wounds {unknown}
 i - a potion of magic {unknown}
 k - 3 potions of flight {unknown}
 o - a potion of haste {unknown}


   Skills:
 - Level 1.4 Fighting
 - Level 3.1 Dodging
 - Level 1.1 Stealth
 - Level 3.3 Unarmed Combat
 - Level 2.2 Spellcasting
 + Level 5.0 Transmutations
 + Level 4.4 Poison Magic


You had 5 spell levels left.
You knew the following spells:

 Your Spells              Type           Power      Damage    Failure   Level
a - Beastly Appendage     Tmut           32%        N/A       2%          1
b - Spider Form           Tmut/Pois      7%         N/A       10%         3

Your spell library contained the following spells:

 Spells                   Type           Power      Damage    Failure   Level
 Wereblood                Tmut           16%        N/A       4%          2
 Freeze                   Ice            4%         1d3       22%         1
 Frozen Ramparts          Ice            2%         1d2       54%         3
 Ice Form                 Ice/Tmut       9%         N/A       58%         4
 Hailstorm                Conj/Ice       1%         3d3       91%         4


Dungeon Overview and Level Annotations

Branches:
Dungeon (5/15)
 Temple: D:4-7

Altars:

Annotations:
D:3 3 runed translucent doors, exclusion: 3 doors, Sylvie's ghost, amateur DEFE; ZARRMARR's ghost, amateur HOMo
D:4 exclusion: ogre
D:5 exclusion: ogre, Blork the orc; Grinder


Innate Abilities, Weirdness & Mutations

You have sharp claws.
You have razor-sharp teeth.
You have supernaturally acute eyesight. (SInv)
You cover ground quickly. (Speed+)
You are covered in thick fur. (AC +2)
Your paws help you pounce on unaware monsters.
You are incapable of wielding weapons or throwing items.
You cannot wear armour.
You gain extra lives every three experience levels.


Message History

There is a stone staircase leading up here.
You climb upwards.
Level annotation: exclusion: ogre
There is a stone staircase leading down here.
b - 3 scrolls of teleportation (gained 1)
Things that are here:
a +0 flail; a gnoll corpse
There is a stone staircase leading down here.
You start resting.
HP restored.
You climb downwards.
Level annotation: exclusion: ogre, Blork the orc; Grinder
There is a stone staircase leading up here.
You scratch the ice beast but do no damage.
The ice beast misses you.
You scratch the ice beast but do no damage.
You bite the ice beast, but do no damage.
The ice beast barely misses you.
You barely miss the ice beast. The ice beast closely misses you.
You scratch the ice beast.
The ice beast is lightly wounded.
You block the ice beast's attack.
You scratch the ice beast but do no damage.
Your bite misses the ice beast.
The ice beast is lightly wounded.
You barely miss the ice beast.
The ice beast is lightly wounded.
The ice beast closely misses you.
You barely miss the ice beast.
The ice beast is lightly wounded.
The ice beast closely misses you.
You scratch the ice beast but do no damage.
Your bite misses the ice beast.
The ice beast is lightly wounded.
The ice beast hits you. The ice beast freezes you!
Ouch! That really hurt!
You scratch the ice beast but do no damage.
The ice beast is lightly wounded.
The ice beast hits you. The ice beast freezes you!
You die...

#.......... ..#. #..........
. ..#.##. #.......... .......
. .... . ##...... .. ..
.....#.# . ...###+#..#.#####
. #...............# .......
.< #.......#.#Y@...#
#.......... #.......'.......#
#..........
#...o...#.##....###..........
.....#+##..'...<..#..........
...o ####...##.#..........
... #.+....#)#.......... ..
#.#....#............ .
##.####)#.#..........
#......(#............


You could see an ice beast.

Vanquished Creatures
  A necrophage (D:4)
  A phantom (D:4)
  A hound (D:3)
  A bullfrog skeleton (D:5)
  An iguana (D:2)
  4 gnolls (D:4)
  6 adders
  An ufetubus (D:4)
  A worm (D:2)
  5 dart slugs
  7 orcs
  14 endoplasms
  5 giant cockroaches
  8 goblins
  3 hobgoblins
  15 jackals
  5 kobolds
  6 quokkas
  10 ball pythons
  7 bats
  2 frilled lizards
  23 rats
127 creatures vanquished.

Notes
Turn   | Place    | Note
-------+----------+-------------------------------------------
     0 | D:1      | mndeal the Felid Transmuter began the quest for the Orb.
     0 | D:1      | Reached XP level 1. HP: 9/9 MP: 4/4
    16 | D:1      | Found a faded altar of an unknown god.
   502 | D:1      | Reached XP level 2. HP: 12/12 MP: 6/6
  1068 | D:1      | Reached XP level 3. HP: 14/15 MP: 7/7
  1070 | D:1      | Reached skill level 1 in Stealth
  1794 | D:2      | Learned a level 3 spell: Spider Form
  1813 | D:2      | Reached skill level 1 in Poison Magic
  1968 | D:2      | Reached XP level 4. HP: 11/19 MP: 6/8
  4013 | D:3      | Reached skill level 3 in Transmutations
  4013 | D:3      | Reached XP level 5. HP: 13/22 MP: 9/9
  4344 | D:3      | Found a runed translucent gate.
  4344 | D:3      | Found a runed translucent gate.
  4345 | D:3      | Found a runed translucent gate.
  4346 | D:3      | Noticed Sylvie's ghost (amateur DEFE)
  4346 | D:3      | Noticed ZARRMARR's ghost (amateur HOMo)
  4772 | D:4      | Noticed an ogre
  4820 | D:4      | Noticed a phantom
  4839 | D:4      | Killed a phantom
  4840 | D:4      | Reached skill level 4 in Transmutations
  4840 | D:4      | Gained mutation: You are covered in thick fur. (AC +2)
                  | [Felid growth]
  4840 | D:4      | Reached XP level 6. HP: 6/25 MP: 10/10
  6268 | D:5      | Entered Level 5 of the Dungeon
  6316 | D:5      | Noticed an ice beast
  6675 | D:5      | Noticed Grinder
  6748 | D:5      | Slain by a lemure
  6749 | D:5      | Reached XP level 5. HP: -2/22 MP: 9/9
  6953 | D:5      | Noticed Blork the orc
  7112 | D:5      | Reached skill level 5 in Transmutations
  7403 | D:4      | Reached XP level 6. HP: 14/25 MP: 10/10
  7776 | D:5      | Slain by an ice beast

Illustrated notes

Levels and vault maps discovered:
D:1:      dpeg_arrival_rooms_with_view, layout_rooms,
          ebering_ecumenical_altar_box, minmay_hexomino_p4
D:2:      layout_basic
D:3:      minmay_general_purpose_star, layout_loops_ring,
          gammafunk_ghost_cemetery, kennysheep_crisscross,
          kennysheep_generic_room_9
D:4:      layout_loops_corners, minmay_rat_hole
D:5:      layout_basic, uniq_edmund, uniq_sigmund, uniq_grinder,
          uniq_blork_the_orc, uniq_pikel

Skill      XL: |  1  2  3  4  5  6 |
---------------+-------------------+-----
Dodging        | 3 |  3.1
Stealth        | 1 |  1.1
Poison Magic   | 1 3 4 |  4.4
Transmutations | 3 5 |  5.0
Fighting       | |  1.4
Unarmed Combat | |  3.3
Spellcasting   | |  2.2

Action                   |  1- 3 |  4- 6 || total
-------------------------+-------+-------++-------
Melee: Unarmed           |   110 |   310 ||   420
       Bite              |    10 |    30 ||    40
       Punch             |     1 |     7 ||     8
       Headbutt          |     1 |     9 ||    10
 Cast: Beastly Appendage |     2 |     8 ||    10
  Use: Scroll            |     1 |     3 ||     4
 Stab: Sleeping          |     6 |    11 ||    17
Armor: Skin              |     5 |    10 ||    15
Dodge: Dodged            |    81 |   189 ||   270
Block: Other             |       |    38 ||    38
